 Dungeon Crawl Stone Soup version 0.20.1-1-g8b1a95d (webtiles) character file.

254 pstr the Magician (level 5, -6/36 HPs)
             Began as a Spriggan Earth Elementalist on Jan 4, 2018.
             Mangled by Menkaure (14 damage)
             ... on level 4 of the Dungeon.
             The game lasted 00:11:40 (4354 turns).

pstr the Magician (Spriggan Earth Elementalist)     Turns: 4354, Time: 00:11:40

Health: -6/36      AC: 22    Str:  4    XL:     5   Next: 90%
Magic:  5/13       EV:  4    Int: 17    God:
Gold:   110        SH:  0    Dex: 17    Spells: 10/14 levels left

rFire    . . .     SeeInvis +   b - +0 club
rCold    . . .     Gourm    .   (shield restricted)
rNeg     + + +     Faith    .   (armour currently unavailable)
rPois    +         Spirit   .   (helmet currently unavailable)
rElec    .         Reflect  .   (cloak currently unavailable)
rCorr    .         Harm     +   (gloves unavailable)
MR       .....     NoTele   +   (boots unavailable)
Stlth    +.........             r - amulet of harm
Regen    0.2/turn               (no ring)
MPRegen  0.2/turn               (no ring)

@: confused, tree-form, very slightly contaminated
A: unfitting armour, see invisible, herbivore 3, mutation resistance 1, slow
metabolism 2
a: no special abilities


You were on level 4 of the Dungeon.
You were hungry.
You were a tree.
You visited 1 branch of the dungeon, and saw 4 of its levels.

You collected 110 gold pieces.

Inventory:

Hand Weapons
 b - a +0 club (weapon)
 l - a +0 short sword
Missiles
 f - 15 arrows
Armour
 c - a +0 robe (melded)
 g - a +1 cloak (melded)
Jewellery
 o - an uncursed amulet of inaccuracy
 r - an amulet of harm (around neck)
Wands
 k - a wand of disintegration (15/24)
 q - a wand of flame (24/48)
Scrolls
 a - a scroll of magic mapping
 h - 2 scrolls of identify
 m - a scroll of enchant weapon {unknown}
 n - 3 scrolls of teleportation
Potions
 i - a potion of mutation
 s - a potion of magic {unknown}
Books
 e - a book of Geomancy

   Spells                             Type                      Level
   a - Sandblast                      Earth                        1
   b - Passwall                       Transmutation/Earth          2
   c - Stone Arrow                    Conjuration/Earth            3
   d - Petrify                        Transmutation/Earth          4
   e - Lee's Rapid Deconstruction     Earth                        5


   Skills:
 + Level 0.1 Fighting
 + Level 0.3 Maces & Flails
 + Level 4.4 Dodging
 + Level 3.3 Stealth
 + Level 5.1 Spellcasting
 + Level 1.0 Conjurations
   Level 1.3 Transmutations
 + Level 3.9 Earth Magic


You had 10 spell levels left.
You knew the following spells:

 Your Spells              Type           Power        Failure   Level  Hunger
a - Sandblast             Erth           ###...       2%          1    None
b - Stone Arrow           Conj/Erth      ##....       14%         3    ###....


Dungeon Overview and Level Annotations

Branches:
Dungeon (4/15)
 Temple: D:4-7

Altars:
Nemelex Xobeh
Sif Muna

Annotations:
D:4 Menkaure


Innate Abilities, Weirdness & Mutations

You are very small and have problems with some larger weapons.
You are too small for most types of armour.
You have supernaturally acute eyesight. (SInv)
You are a herbivore.
((You cover ground extremely quickly.))
You need consume almost no food.
You are somewhat resistant to further mutation.
((You are resistant to electric shocks. (rElec)))


Message History

You resist with significant effort.
Menkaure calls on the powers of darkness!
Your body is wracked with pain!
* * * LOW HITPOINT WARNING * * *
Menkaure grins.
It was a potion of heal wounds.
You feel much better.
Menkaure calls on the powers of darkness!
Your body is wracked with pain!
Ouch! That really hurt!
It was a potion of mutation.
You feel extremely strange.
You feel genetically stable.
You feel insulated.
It was a potion of lignification.
You turn into a tree.
Your +1 cloak melds into your body.
Your +0 robe melds into your body.
Your roots penetrate the ground.
It was a potion of ambrosia.
You are confused.
You feel invigorated. Menkaure hits you!
* * * LOW HITPOINT WARNING * * *
Menkaure hits you!
You die...

#.# #...(# #.# #....# #.#
#....####.# ....#[...#
#########..##.####
#.......#..##.#
#.......##.##.#
#...[....M♣...#############
#.....####....#...†...÷....
....%.##≈≈≈#≈#..#.#######..##
..#... ≈≈≈≈≈#..#.# #..## .
##. ≈#≈#≈≈##...# ###..## ..
≈≈≈≈≈≈≈#.#######...... #.
≈≈≈≈≈≈#≈≈.#....<#.##### ..
#≈#≈≈≈≈#≈...#####.....#
≈≈≈#≈≈#....#########a#


You could see Menkaure.

Vanquished Creatures
  A hound (D:4)
  Ijyb (D:4)
  Natasha (D:4)
  A worker ant (D:4)
  9 adders
  An adder skeleton (D:4)
  3 worms
  2 dart slugs
  4 giant cockroaches
  7 goblins
  7 hobgoblins
  3 jackals (D:2)
  A quokka (D:2)
  3 bats
  A frilled lizard (D:2)
  7 kobolds
  12 rats
64 creatures vanquished.

Notes
Turn   | Place    | Note
-------+----------+-------------------------------------------
     0 | D:1      | pstr the Spriggan Earth Elementalist began the quest for the Orb.
     0 | D:1      | Reached XP level 1. HP: 9/9 MP: 5/5
   195 | D:1      | Reached XP level 2. HP: 13/13 MP: 1/6
   212 | D:1      | Reached skill level 3 in Spellcasting
   812 | D:1      | Found a deep blue altar of Sif Muna.
   856 | D:2      | Reached XP level 3. HP: 16/16 MP: 4/8
   993 | D:1      | Learned a level 3 spell: Stone Arrow
  2314 | D:1      | Reached XP level 4. HP: 19/21 MP: 0/10
  2664 | D:3      | Reached skill level 4 in Spellcasting
  3514 | D:3      | Found a sparkling altar of Nemelex Xobeh.
  3720 | D:4      | Reached XP level 5. HP: 22/24 MP: 0/12
  3940 | D:4      | Noticed Ijyb
  3944 | D:4      | Killed Ijyb
  3944 | D:4      | Reached skill level 5 in Spellcasting
  4266 | D:4      | Noticed Natasha
  4270 | D:4      | Killed Natasha
  4270 | D:4      | Reached skill level 1 in Conjurations
  4338 | D:4      | Noticed Menkaure
  4352 | D:4      | Gained mutation: You are somewhat resistant to further mutation. [potion of mutation]
  4352 | D:4      | Gained mutation: You are resistant to electric shocks. (rElec) [potion of mutation]
  4354 | D:4      | Mangled by Menkaure

Skill      XL: |  1  2  3  4  5 |
---------------+----------------+-----
Earth Magic    | 3 |  3.9
Spellcasting   | 3 4 5 |  5.1
Dodging        | 4 |  4.4
Conjurations   | 1 |  1.0
Fighting       | |  0.1
Maces & Flails | |  0.3
Stealth        | |  3.3
Transmutations | |  1.3

Action                   |  1- 3 |  4- 6 || total
-------------------------+-------+-------++-------
Melee: Unarmed           |     6 |       ||     6
       Club              |    34 |    43 ||    77
 Cast: Sandblast         |    41 |       ||    41
       Stone Arrow       |    19 |    40 ||    59
  Use: Scroll            |       |     8 ||     8
       Potion            |       |     4 ||     4
  Eat: Bread ration      |       |     1 ||     1
Armor: Robe              |     9 |    16 ||    25
Dodge: Dodged            |    58 |    76 ||   134
